 Dungeon Crawl Stone Soup version 0.18.1-8-gdd0e5ea (webtiles) character file.

1836 Jersh the Nimble (level 8, -1/37 (39) HPs)
             Began as a Spriggan Conjurer on June 5, 2016.
             Was a Follower of Sif Muna.
             Slain by a yak (8 damage)
             ... on level 7 of the Dungeon.
             The game lasted 00:56:00 (4923 turns).

Jersh the Nimble (Spriggan Conjurer)                Turns: 4923, Time: 00:56:00

HP:   -1/37 (39)    AC:  3    Str:  4    XL:     8   Next: 87%
MP:   4/21          EV: 23    Int: 19    God:    Sif Muna [*.....]
Gold: 343           SH:  0    Dex: 16    Spells: 2 memorised, 20 levels left

rFire  + . .     SeeInvis +     j - +3 whip (elec)
rCold  . . .     Gourm    .     a - +1 robe
rNeg   . . .     Faith    .     (shield restricted)
rPois  +         Spirit   .     (helmet restricted)
rElec  .         Dismiss  .     (no cloak)
rCorr  .         Reflect  .     (gloves unavailable)
SustAt .         Harm     .     (boots unavailable)
MR     +....                    p - amulet of regeneration
Stlth  +++.......               w - ring of protection from fire
                                o - ring of poison resistance

@: very quick, somewhat resistant to hostile enchantments, fairly stealthy
A: unfitting armour, see invisible, herbivore 3, speed 3, slow metabolism 2
a: Channel Energy, Renounce Religion


You were on level 7 of the Dungeon.
You worshipped Sif Muna.
Sif Muna was aware of your devotion.
You were full.

You visited 2 branches of the dungeon, and saw 8 of its levels.

You collected 343 gold pieces.

Inventory:

Hand Weapons
 e - a +0 short sword
 j - a +3 whip of electrocution (weapon)
 r - a +0 scythe
 t - a +0 mace of crushing
 z - a +0 quarterstaff
Missiles
 d - 98 bolts
 k - 33 sling bullets
Armour
 a - a +1 robe (worn)
 s - a +0 robe
 u - a +0 robe
 C - a cursed +0 robe
Jewellery
 o - a ring of poison resistance (left hand)
 p - an amulet of regeneration (around neck)
 w - a ring of protection from fire (right hand)
Wands
 q - a wand of polymorph (4/24)
 x - a wand of disintegration (18/24)
 A - a wand of lightning (10/15)
Scrolls
 i - 2 scrolls of identify
 m - 3 scrolls of immolation
 v - a scroll of remove curse
 y - a scroll of noise
Potions
 h - a potion of degeneration
 n - a potion of curing
 B - a potion of flight
Books
 b - a book of Conjurations

   Spells                             Type                      Level
   a - Magic Dart                     Conjuration                  1
   b - Searing Ray                    Conjuration                  2
   c - Dazzling Spray                 Conjuration/Hexes            3
   d - Fulminant Prism                Conjuration/Hexes            4
   e - Iskenderun's Mystic Blast      Conjuration                  4
   f - Iskenderun's Battlesphere      Conjuration/Charms           5
Comestibles
 c - 3 bread rations
 f - 4 beef jerkies
 g - 2 meat rations
 l - 2 slices of pizza


   Skills:
 + Level 2.4 Fighting
 + Level 0.2 Short Blades
 + Level 2.2 Maces & Flails
 + Level 8.2 Dodging
 + Level 4.7 Stealth
 + Level 0.1 Unarmed Combat
 + Level 8.1 Spellcasting
 + Level 5.3 Conjurations


You had 20 spell levels left.
You knew the following spells:

 Your Spells              Type           Power        Failure   Level  Hunger
a - Magic Dart            Conj           ####         1%          1    None
b - Searing Ray           Conj           ####..       1%          2    None


Dungeon Overview and Level Annotations

Branches:
Dungeon (7/15)             Temple (1/1) D:4

Altars:
Ashenzari
Cheibriados
Dithmenos
Elyvilon
Gozag
Kikubaaqudgha
Makhleb
Nemelex Xobeh
Okawaru
Pakellas
Qazlal
Ru
Sif Muna
Trog
Xom
Yredelemnul
Zin
The Shining One

Shops:
D:4 %   D:6 ?   D:7 (

Annotations:
D:4 Edmund


Innate Abilities, Weirdness & Mutations

You are tiny and cannot use many weapons and most armour.
You have supernaturally acute eyesight.
You are a herbivore.
You cover ground extremely quickly.
You need consume almost no food.


Message History

Press: ? - help, Shift-Dir - straight line, f/p - orc
Aim: an orc, wielding a hand axe of venom and wearing a scale mail The searing ray hits the human.
The human is moderately wounded.
The human closely misses you. The yak completely misses you.
The orc priest misses you.
Casting: Searing Ray
Confirm with . or Enter, or press ? or * to list all spells.
Aiming: Searing Ray
Press: ? - help, Shift-Dir - straight line, f - sheep, p - orc
Aim: a sheep The searing ray hits the human.
The human is moderately wounded.
The orc wizard casts a spell at you. The magic dart hits you!
The human completely misses you. The yak gores you! The orc priest misses you.
The human hits you with a hand axe!
* * * LOW HITPOINT WARNING * * *
The yak gores you!
You die...

....... ..... .....
... ... #'## #.#
#######oo###### #.#
........po...%% #.#
.######@Y#....% #.#
###.## '## #.#
#....# . #.# #....#
#..####.#
#....#######........
#.........##..####.#
#.........##..## #.#
#.........##...# #.#
#..†......##...# #.#


You could see a yak, a human, an orc priest, an orc wizard and an orc.

Vanquished Creatures
  Sigmund (D:4)
  A necrophage (D:6)
  3 ogres
  A centaur (D:5)
  A phantom (D:6)
  7 giant frogs
  4 howler monkeys (D:7)
  2 crimson imps (D:6)
  A centaur zombie (D:7)
  A hound (D:4)
  A quasit (D:3)
  Natasha (D:3)
  3 orc wizards
  4 worker ants
  A killer bee zombie (D:6)
  A hound skeleton (D:4)
  7 gnolls (D:6)
  4 adders
  A howler monkey skeleton (D:5)
  2 oozes (D:2)
  An adder zombie (D:7)
  An adder skeleton (D:4)
  A worm (D:2)
  A dart slug (D:4)
  2 giant geckos
  6 orcs
  2 ball pythons
  2 giant cockroaches
  2 goblins
  4 hobgoblins
  3 jackals (D:4)
  3 quokkas
  3 bats
  2 giant newts (D:3)
  A jackal skeleton (D:4)
  6 kobolds
  A quokka skeleton (D:4)
  A rat (D:2)
  A spectral orc (D:6)
90 creatures vanquished.

Notes
Turn   | Place    | Note
--------------------------------------------------------------
     0 | D:1      | Jersh the Spriggan Conjurer began the quest for the Orb.
     0 | D:1      | Reached XP level 1. HP: 9/9 MP: 5/5
   545 | D:2      | Reached XP level 2. HP: 13/13 MP: 1/6
   983 | D:2      | Reached XP level 3. HP: 16/16 MP: 5/8
  1000 | D:3      | Noticed Natasha
  1487 | D:3      | Reached XP level 4. HP: 21/21 MP: 6/10
  1494 | D:3      | Killed Natasha
  1600 | D:3      | Learned a level 1 spell: Magic Dart
  1942 | D:4      | Noticed Sigmund
  1954 | D:4      | Killed Sigmund
  1954 | D:4      | Reached skill level 1 in Fighting
  1954 | D:4      | Reached skill level 5 in Spellcasting
  1954 | D:4      | Reached XP level 5. HP: 15/25 MP: 0/13
  1954 | D:4      | Reached XP level 6. HP: 18/30 MP: 0/14
  1955 | D:4      | Found Roleruciha's Food Boutique.
  2022 | D:4      | Found a staircase to the Ecumenical Temple.
  2035 | Temple   | Entered the Ecumenical Temple
  2088 | Temple   | Became a worshipper of Sif Muna the Loreminder
  2451 | D:4      | Noticed Edmund
  2454 | D:4      | Found a white marble altar of Elyvilon.
  2456 | D:4      | Found an oddly glowing altar of Pakellas.
  2695 | D:5      | Entered Level 5 of the Dungeon
  3017 | D:5      | Reached XP level 7. HP: 18/33 MP: 14/17
  3100 | D:5      | Reached skill level 1 in Maces & Flails
  3340 | D:5      | Reached skill level 5 in Dodging
  3543 | D:5      | Learned a level 2 spell: Searing Ray
  3548 | D:6      | Found an opulent altar of Gozag.
  3559 | D:6      | Reached * piety under Sif Muna
  3683 | D:6      | Found a stormy altar of Qazlal.
  3705 | D:6      | Found a shattered altar of Ashenzari.
  3741 | D:6      | Reached XP level 8. HP: 36/39 MP: 13/19
  3764 | D:6      | Found Fuotasy's Magic Scroll Shoppe.
  4246 | D:6      | Found a basalt altar of Yredelemnul.
  4355 | D:6      | Reached skill level 5 in Conjurations
  4635 | D:7      | Found Resegruz's Antique Weapon Shoppe.
  4923 | D:7      | Slain by a yak

Skill      XL: |  1  2  3  4  5  6  7  8 |
---------------+-------------------------+-----
Conjurations   | 3 4 5 |  5.3
Spellcasting   | 3 5 6 7 8 |  8.1
Fighting       | 1 2 |  2.4
Stealth        | 4 |  4.7
Dodging        | 4 5 8 |  8.2
Maces & Flails | 1 2 |  2.2
Short Blades   | |  0.2
Unarmed Combat | |  0.1

Action                   |  1- 3 |  4- 6 |  7- 9 || total
-------------------------+-------+-------+-------++-------
Melee: Short sword       |     7 |       |       ||     7
       Unarmed           |     4 |       |       ||     4
       Whip              |    37 |    60 |    88 ||   185
 Cast: Magic Dart        |    56 |    53 |   106 ||   215
       Searing Ray       |       |       |    19 ||    19
  Use: Scroll            |     7 |     7 |     1 ||    15
       Potion            |     3 |     3 |       ||     6
  Eat: Bread ration      |       |       |     1 ||     1
Armor: Robe              |       |     3 |     7 ||    10
Dodge: Dodged            |    44 |    38 |   117 ||   199
